 Dungeon Crawl Stone Soup version 0.29.1-15-g9cfb28693d (webtiles) character file.

Game seed: 4926872541709962991

40 croobank the Sneak (level 3, 0/26 HPs)
             Began as an Octopode Delver on Mar 5, 2023.
             Slain by an orc priest
             ... wielding a +0 short sword
              (4 damage)
             ... on level 4 of the Dungeon.
             The game lasted 00:00:54 (382 turns).

croobank the Sneak (Octopode Delver)                 Turns: 382, Time: 00:00:55

Health: 0/26       AC:  1    Str: 11    XL:     3   Next: 50%
Magic:  3/3        EV: 13    Int: 14    God:
Gold:   0          SH:  0    Dex: 13    Spells: 2/2 levels left

rFire   . . .      SeeInvis .   a - +0 hand axe
rCold   . . .      Faith    .   (no shield)
rNeg    . . .      Spirit   .   (helmet restricted)
rPois   .          Reflect  .   (no amulet)
rElec   .          Harm     .   (no ring)
rCorr   .          Rampage  .   (no ring)
Will    .....                   (no ring)
Stlth   ++++......              (no ring)
HPRegen 0.08/turn               (no ring)
MPRegen 0.08/turn               (no ring)
                                (no ring)
                                (no ring)

@: no status effects
A: almost no armour, amphibious, 8 rings, camouflage 1, gelatinous body 1,
(nimble swimmer 1), tentacles
a: no special abilities


You were on level 4 of the Dungeon.
You visited 1 branch of the dungeon, and saw 3 of its levels.

Inventory:

Hand Weapons
 a - a +0 hand axe (weapon)
Wands
 f - a wand of digging (3)
Scrolls
 b - a scroll of fog
 c - a scroll of magic mapping


   Skills:
 + Level 3.4 Fighting
 + Level 2.5 Axes
 + Level 2.5 Dodging
 + Level 7.0 Stealth


You had 2 spell levels left.
You didn't know any spells.
Your spell library was empty.

Dungeon Overview and Level Annotations

Branches:
Dungeon (6/15)
 Temple: D:4-7

Altars:


Innate Abilities, Weirdness & Mutations

You cannot wear most types of armour.
You are amphibious.
You can wear up to eight rings at the same time.
Your skin changes colour to match your surroundings (Stealth+).
Your rubbery body absorbs attacks. (AC +1, EV +1)
((You are camouflaged when in or above water. (Stealth+)))
You have tentacles for arms and can constrict up to eight enemies at once.


Message History

An orc comes into view. It is wielding a +0 mace.
The orc priest moves out of view.
The orc shouts! x2
You hit the orc. Your grab misses the orc.
The orc is almost dead.
You hear a shout!
The orc closely misses you.
You hit the orc.
You kill the orc!
An orc wizard comes into view.
It is wielding a +0 dagger of electrocution.
The orc priest invokes the aid of Beogh against you.
Pain shoots through your body!
The orc wizard moves out of view.
Things that are here:
a +0 flail; an orc corpse The orc wizard shouts!
You slash the orc!
You kill the orc!
You hear a shout! x2
An orc comes into view. It is wielding a +0 hand axe.
The orc priest mumbles some strange prayers to Beogh against you.
Pain shoots through your body!
An orc comes into view. It is wielding a +0 flail.
The orc priest hits you with a +0 short sword.
* * * LOW HITPOINT WARNING * * *
You hit the orc priest. Your grab misses the orc priest.
The orc priest is lightly wounded.
An orc comes into view. It is wielding a +0 club.
You hit the orc priest. You grab the orc priest.
The orc priest is heavily wounded.
You constrict the orc priest, but do no damage.
The orc priest hits you but does no damage.
You hit the orc priest.
You squeeze the orc priest, but do no damage.
The orc priest is severely wounded.
You hit the orc wizard but do no damage.
You constrict the orc priest, but do no damage.
The orc wizard points at you and mumbles some strange words.
You resist with significant effort.
The orc priest hits you with a +0 short sword.
You die...

...# ...
..###.. ... ..
....o #########
##.#o
##.......## ...
#.8#####8†###o#
#.##...##.#.o@#
#.#.8.8.#.##)##
#.'..>..#....#
#.#.8.8.#.####
#.##...##.#
#.8#####8.#
##.......##
#########


You could see an orc priest, an orc wizard and 2 orcs.

Vanquished Creatures
  A hound (D:4)
  A white imp (D:4)
  2 orcs (D:4)
  A hobgoblin (D:4)
5 creatures vanquished.

Notes
Turn   | Place    | Note
-------+----------+-------------------------------------------
     0 | D:5      | croobank the Octopode Delver began the quest for the Orb.
     0 | D:5      | Reached XP level 1. HP: 16/16 MP: 1/1
     2 | D:5      | Noticed a scorpion
     9 | D:6      | Noticed a gnoll bouda
     9 | D:6      | Noticed a centaur
   129 | D:4      | Noticed a hound
   148 | D:4      | Reached XP level 2. HP: 12/21 MP: 2/2
   156 | D:4      | Reached skill level 7 in Stealth
   156 | D:4      | Reached XP level 3. HP: 8/26 MP: 3/3
   382 | D:4      | Slain by an orc priest

Illustrated notes

Levels and vault maps discovered:
D:4:      layout_basic, serial_shops, nicolae_shop_stone, reono_crystal_passage,
          grunt_ministairs_11, uniq_duvessa, uniq_ijyb
D:5:      layout_cave_pools, mainiacjoe_overflow_six_doors_small,
          minmay_temple_entry_enclosed_plants, gup_sewer_entry_pipe,
          minmay_manual_mess
D:6:      minmay_skewed_foursquare, layout_basic

Skill      XL: |  1  2 |
---------------+-------+-----
Stealth        | 7 |  7.0
Fighting       | |  3.4
Axes           | |  2.5
Dodging        | |  2.5

Action                   || total
-------------------------++-------
Melee: Hand axe          ||    18
       Constrict         ||     3
       Tentacles         ||     3
  Use: Scroll            ||     1
       Potion            ||     1
 Stab: Sleeping          ||     2
Armor: Skin              ||     1
Dodge: Dodged            ||     9
